 Dungeon Crawl Stone Soup version 0.28-a0-479-g5baa6b73be (webtiles) character file.

Game seed: 60549376793154627

6961 timneilson the Thaumaturge (level 10, -2/56 HPs)
             Began as a Deep Elf Conjurer on Sept 18, 2021.
             Was a Priest of Vehumet.
             Killed from afar by a steam dragon (9 damage)
             ... with a ball of steam
             ... on level 9 of the Dungeon.
             The game lasted 00:41:15 (11292 turns).

timneilson the Thaumaturge (Deep Elf Conjurer)     Turns: 11292, Time: 00:41:17

Health: -2/56      AC:  4    Str:  7    XL:     10   Next: 81%
Magic:  26/34      EV: 14    Int: 27    God:    Vehumet [***...]
Gold:   510        SH:  4    Dex: 13    Spells: 5/27 levels left

rFire   . . .      SeeInvis .   F - +8 trident of Dismemberment {freeze, rPois MP+9 Str+3 Stlth+}
rCold   . . .      Faith    .   p - +0 buckler
rNeg    . . .      Spirit   .   a - +1 robe
rPois   +          Reflect  .   b - +0 helmet
rElec   .          Harm     .   (no cloak)
rCorr   .          Rampage  .   (no gloves)
Will    ++...                   (no boots)
Stlth   ++++......              (no amulet)
HPRegen 0.18/turn               e - ring of willpower
MPRegen 0.24/turn               r - ring of wizardry

@: no status effects
A: no striking features
a: Renounce Religion


You were on level 9 of the Dungeon.
You worshipped Vehumet.
Vehumet was most pleased with you.
You visited 2 branches of the dungeon, and saw 10 of its levels.
You also visited: Ossuary.

You collected 510 gold pieces.

Inventory:

Hand Weapons
 c - a +3 dagger of flaming
 F - the +8 trident of Dismemberment (weapon) {freeze, rPois MP+9 Str+3 Stlth+}
   (You found it on level 9 of the Dungeon)

   It freezes those it strikes, dealing additional cold damage.
   It can also slow down cold-blooded creatures.
   Str:       It affects your strength (+3).
   rPois:     It protects you from poison.
   MP:        It affects your magic capacity (+9).
   Stlth:     It makes you more stealthy.
Armour
 a - a +1 robe (worn)
 b - a +0 helmet (worn)
 p - a +0 buckler (worn)
Jewellery
 d - a +6 ring of strength
 e - a ring of willpower (left hand)
 h - a ring of protection from fire
 r - a ring of wizardry (right hand)
 v - a ring of willpower
 y - a ring of fire
Wands
 g - a wand of paralysis (20)
 A - a wand of iceblast (19)
 B - a wand of charming (9)
 E - a wand of mindburst (7)
Scrolls
 j - 6 scrolls of teleportation
 n - a scroll of magic mapping
 C - a scroll of enchant armour
 D - a scroll of amnesia
Potions
 f - a potion of heal wounds
 i - 2 potions of berserk rage
 k - 5 potions of curing
 l - a potion of resistance
 m - 2 potions of might
 o - 3 potions of haste
 q - a potion of cancellation {unknown}
 s - a potion of lignification {unknown}
 t - a potion of magic {unknown}
 u - a potion of brilliance {unknown}
 w - a potion of invisibility {unknown}
 x - 2 potions of mutation
 z - a potion of flight {unknown}


   Skills:
 + Level 3.5 Fighting
 + Level 3.4 Armour
 + Level 6.0 Dodging
 + Level 6.1 Stealth
 + Level 2.6 Shields
 * Level 9.1 Spellcasting
 * Level 8.4 Conjurations
 - Level 5.0 Hexes
 + Level 4.5 Summonings
 + Level 4.2 Translocations
 + Level 4.6 Fire Magic
 + Level 2.8 Ice Magic
 + Level 1.6 Air Magic
 + Level 4.1 Evocations


You had 5 spell levels left.
You knew the following spells:

 Your Spells              Type           Power      Damage    Failure   Level
a - Magic Dart            Conj           100%       1d8       1%          1
b - Searing Ray           Conj           100%       2d8       1%          2
c - Fulminant Prism       Conj/Hex       24%        3d13      1%          4
d - Iskenderun's Mystic   Conj/Tloc      46%        2d10      1%          4
e - Summon Small Mammal   Summ           100%       N/A       1%          1
f - Call Canine Familiar  Summ           36%        N/A       1%          3
g - Foxfire               Conj/Fire      100%       2x1d9     1%          1
h - Freeze                Ice            100%       1d11      1%          1
i - Static Discharge      Conj/Air       39%        N/A       1%          2
j - Mephitic Cloud        Conj/Pois/Air  30%        N/A       1%          3

Your spell library contained the following spells:

 Spells                   Type           Power      Damage    Failure   Level
 Apportation              Tloc           70%        N/A       1%          1
 Slow                     Hex            39%        N/A       1%          2
 Confusing Touch          Hex            39%        N/A       1%          3
 Conjure Flame            Conj/Fire      47%        6-21      1%          3
 Dazzling Flash           Conj/Hex       96%        N/A       1%          3
 Ignite Poison            Fire/Tmut/Pois 20%        N/A       1%          3
 Summon Guardian Golem    Hex/Summ       37%        N/A       1%          3
 Sticky Flame             Conj/Fire      47%        2d6       1%          4
 Animate Skeleton         Necr           24%        N/A       2%          1
 Cause Fear               Hex            19%        N/A       2%          4
 Vampiric Draining        Necr           6%         2d6       7%          3
 Orb of Destruction       Conj           27%        9d11      16%         7
 Spellforged Servitor     Conj/Summ      23%        N/A       30%         7
 Dragon Form              Tmut           6%         N/A       100%        7
 Dragon's Call            Summ           18%        N/A       100%        9


Dungeon Overview and Level Annotations

Branches:
Dungeon (9/15)             Temple (1/1) D:4            Lair (0/6) D:9
Ossuary (visited)
    Orc: D:9-12

Altars:
Ashenzari
Cheibriados
Dithmenos
Fedhas
Hepliaklqana
Kikubaaqudgha
Makhleb
Ru
Sif Muna
Trog
Uskayaw
Vehumet
Xom
Yredelemnul
Zin

Annotations:
D:3 1 runed translucent door, mg7810's ghost, weakling DsMo


Message History

The foxfire hits the steam dragon but does no damage.
The steam dragon is severely wounded.
Casting: Foxfire (safe; 1% risk of failure)
Confirm with . or Enter, or press ? or * to list all spells.
You conjure some foxfire!
The steam dragon breathes steam at you. The ball of steam hits your foxfire.
Your foxfire resists.
The ball of steam hits you!!
You hear a shout!
You are engulfed in a cloud of scalding steam.
* * * LOW HITPOINT WARNING * * *
The foxfire hits the steam dragon!
The steam dragon is almost dead.
Casting: Foxfire (safe; 1% risk of failure)
Confirm with . or Enter, or press ? or * to list all spells.
You conjure some foxfire!
The foxfire hits the steam dragon.
The steam dragon is almost dead.
The foxfire hits the steam dragon but does no damage.
The steam dragon is almost dead.
Casting: Foxfire (safe; 1% risk of failure)
Confirm with . or Enter, or press ? or * to list all spells.
You conjure some foxfire!
The steam dragon breathes steam at you. The ball of steam hits your foxfire.
Your foxfire resists.
The ball of steam hits you!
* * * LOW HITPOINT WARNING * * *
The ball of steam misses your foxfire.
You hear a shout!
Unknown command.
An orc wizard comes into view. It is wielding a +0 dagger.
The foxfire hits the steam dragon.
The steam dragon is almost dead.
The foxfire hits the steam dragon but does no damage.
The steam dragon is almost dead.
The steam dragon breathes steam at you. The ball of steam hits you!
You die...

##.....#...............# #..#
##.≈≈≈.#...#....###....#####.#
###...≈.'.###...## ##.........#
#.#._.≈.'.# ##..# ##..#####.##
#.#..§≈.'.# #...## #.## #..#
#.#.≈≈≈.#.###§§§.## .... ##.#
#.#.§...#§##.§§§..#...... ##.
#.#######..#.#§........... ###..
##.########....§@................
.......####..§.D........ .......
#.####.........###...... .......#
### ####...§.## ....## ##....#
###)§.# ..## ###.. ##)..#### ..#
#... #.o....... .# ...
#..##...### .. #..## #..#


You could see a steam dragon (catching breath) and an orc wizard.

Vanquished Creatures
  A hydra (D:8)
  A cyclops (D:9)
  A troll (D:9)
  A hornet (D:9)
  Prince Ribbit (D:5)
  Sigmund (D:2)
  9 yaks
  Menkaure (D:5)
  A water moccasin (D:6)
  4 orc warriors
  A black bear (D:5)
  2 ice beasts
  A hornet zombie (D:8)
  A sky beast (D:5)
  An ogre (D:5)
  2 centaurs (D:6)
  An elf zombie (Ossuary)
  3 phantoms
  A bullfrog (D:7)
  A wyvern zombie (D:7)
  2 scorpions (D:5)
  A wyvern skeleton (D:5)
  8 killer bees
  9 howler monkeys
  3 centaur zombies
  4 crimson imps (D:3)
  A bullfrog zombie (D:5)
  A jelly (D:7)
  2 orc priests (D:7)
  A centaur skeleton (D:4)
  4 hounds
  3 bullfrog skeletons
  Natasha (twice) (D:3)
  2 iguanas
  7 orc wizards
  A killer bee zombie (D:7)
  3 hound zombies (Ossuary)
  A hound skeleton (D:4)
  3 mummies (Ossuary)
  A howler monkey zombie (D:5)
  Robin (D:3)
  7 adders
  7 gnolls
  A shadow imp (D:8)
  A white imp (D:6)
  2 ufetubi
  4 adder zombies (Ossuary)
  A worm (D:1)
  3 dart slugs
  18 orcs
  3 ball pythons
  9 endoplasms
  A giant cockroach (D:2)
  2 gnoll zombies (Ossuary)
  13 goblins
  14 hobgoblins
  5 quokkas
  3 bats
  2 frilled lizards
  2 goblin zombies (Ossuary)
  4 hobgoblin zombies (Ossuary)
  4 jackal zombies (Ossuary)
  3 kobolds
  2 kobold zombies (Ossuary)
  An orc zombie (Ossuary)
  5 quokka zombies (Ossuary)
  7 rats
  4 rat zombies (Ossuary)
223 creatures vanquished.

Vanquished Creatures (others)
  32 foxfires
  5 fulminant prisms
37 creatures vanquished.

Grand Total: 260 creatures vanquished

Notes
Turn   | Place    | Note
-------+----------+-------------------------------------------
     0 | D:1      | timneilson the Deep Elf Conjurer began the quest for the
                  | Orb.
     0 | D:1      | Reached XP level 1. HP: 10/10 MP: 6/6
   180 | D:1      | Reached XP level 2. HP: 15/15 MP: 4/8
   184 | D:1      | Learned a level 2 spell: Searing Ray
   829 | D:1      | Reached XP level 3. HP: 20/20 MP: 6/10
   986 | D:2      | Noticed Sigmund
   997 | D:2      | Killed Sigmund
   998 | D:2      | Reached skill level 1 in Fighting
   998 | D:2      | Reached skill level 1 in Armour
   998 | D:2      | Reached skill level 4 in Spellcasting
   998 | D:2      | Reached skill level 5 in Conjurations
   998 | D:2      | Reached skill level 1 in Fire Magic
   998 | D:2      | Reached XP level 4. HP: 25/25 MP: 0/12
   998 | D:2      | Reached XP level 5. HP: 29/29 MP: 0/13
  1383 | D:2      | Learned a level 4 spell: Fulminant Prism
  1388 | D:2      | Learned a level 4 spell: Iskenderun's Mystic Blast
  1390 | D:2      | Learned a level 1 spell: Summon Small Mammal
  2104 | D:3      | Noticed Robin
  2112 | D:3      | Killed Robin
  2136 | D:3      | Found a faded altar of an unknown god.
  2338 | D:3      | You fall into a shaft and drop 2 floors!
  2338 | D:5      | Entered Level 5 of the Dungeon
  2338 | D:5      | Noticed Menkaure
  2343 | D:5      | Killed Menkaure
  2344 | D:5      | Reached skill level 1 in Summonings
  2344 | D:5      | Reached XP level 6. HP: 34/34 MP: 7/15
  2364 | D:5      | Reached skill level 5 in Spellcasting
  2364 | D:5      | Reached skill level 1 in Hexes
  2364 | D:5      | Reached skill level 1 in Translocations
  2638 | D:5      | Reached XP level 7. HP: 38/38 MP: 12/16
  2680 | D:5      | Reached skill level 1 in Evocations
  3280 | D:4      | Found a basalt altar of Yredelemnul.
  3310 | D:4      | Found a snail-covered altar of Cheibriados.
  3766 | D:3      | Found a runed translucent door.
  3766 | D:3      | Noticed mg7810's ghost (weakling DsMo)
  3776 | D:3      | Found a shadowy altar of Dithmenos.
  3840 | D:3      | Found a shimmering altar of Xom.
  3846 | D:3      | Reached skill level 6 in Spellcasting
  3847 | D:3      | Reached XP level 8. HP: 44/44 MP: 10/19
  3961 | D:3      | Noticed Natasha
  3966 | D:3      | Killed Natasha
  4332 | D:3      | Noticed Natasha
  4338 | D:3      | Killed Natasha
  4437 | D:4      | Found a staircase to the Ecumenical Temple.
  4450 | Temple   | Entered the Ecumenical Temple
  4654 | Temple   | Became a worshipper of Vehumet
  5291 | D:5      | Noticed Prince Ribbit
  5297 | D:5      | Killed Prince Ribbit
  5298 | D:5      | Reached skill level 1 in Shields
  5628 | D:6      | Learned a level 3 spell: Call Canine Familiar
  5892 | D:6      | Found a sand-covered staircase.
  5901 | D:6      | Reached XP level 9. HP: 40/49 MP: 8/21
  5909 | Ossuary  | Entered an ossuary
  6004 | Ossuary  | Reached skill level 7 in Spellcasting
  6134 | Ossuary  | Reached * piety under Vehumet
  6134 | Ossuary  | Offered knowledge of Foxfire by Vehumet.
  6137 | Ossuary  | Learned a level 1 spell: Foxfire
  6671 | D:6      | Offered knowledge of Freeze by Vehumet.
  6672 | D:6      | Reached skill level 5 in Stealth
  6676 | D:6      | Reached ** piety under Vehumet
  6679 | D:6      | Learned a level 1 spell: Freeze
  7725 | D:7      | Reached skill level 5 in Dodging
  7745 | D:7      | Reached skill level 1 in Ice Magic
  8170 | D:7      | Offered knowledge of Static Discharge by Vehumet.
  8181 | D:7      | Learned a level 2 spell: Static Discharge
  8508 | D:7      | Reached skill level 8 in Spellcasting
  8640 | D:6      | Reached XP level 10. HP: 31/56 MP: 6/24
  9324 | D:8      | Noticed a seven-headed hydra
  9338 | D:8      | Killed a seven-headed hydra
 10408 | D:9      | Noticed a death yak
 10408 | D:9      | Noticed a death yak
 10408 | D:9      | Found a staircase to the Lair.
 10409 | D:9      | Noticed a death yak
 10454 | D:9      | Reached skill level 1 in Air Magic
 10533 | D:9      | Reached *** piety under Vehumet
 10893 | D:9      | Paralysed by a hornet for 3 turns
 11034 | D:9      | Noticed a cyclops
 11044 | D:9      | Killed a cyclops
 11045 | D:9      | Reached skill level 9 in Spellcasting
 11070 | D:9      | Offered knowledge of Mephitic Cloud by Vehumet.
 11119 | D:9      | Reached skill level 5 in Hexes
 11128 | D:8      | Learned a level 3 spell: Mephitic Cloud
 11198 | D:9      | Identified the +8 trident of Dismemberment {freeze, rPois
                  | MP+9 Str+3 Stlth+}
 11225 | D:9      | Found an ancient bone altar of Kikubaaqudgha.
 11292 | D:9      | Killed from afar by a steam dragon

Illustrated notes

Levels and vault maps discovered:
D:1:      wheals_arrival_shading, layout_basic
D:2:      layout_basic, due_unseen_surprise, uniq_sigmund
D:3:      layout_loops_ring, led_xom_imps,
          mainiacjoe_overflow_concentric_impassable,
          hellmonk_ecumenical_altar_lost_god, hellmonk_ghost_happy_afterlife,
          uniq_robin, uniq_natasha
D:4:      layout_loops_ring, mainiacjoe_overflow_two_lobes,
          minmay_temple_entry_wispy, kennysheep_decorative_pillar,
          kennysheep_dice
D:5:      layout_basic, minmay_between, uniq_prince_ribbit1, uniq_menkaure
D:6:      layout_loops_cross, nicolae_ossuary_entry_ruins, nicolae_benzene_ring
D:7:      layout_cave_pools, minmay_misc_feat_nine_boxes
D:8:      layout_layer_cave
D:9:      layout_layer_cave, elyvilon_altar_5, mainiacjoe_overflow_alcove_4,
          nzn_wu_jian_contemplation, grunt_temple_overflow_cloverleaf,
          dpeg_lair_monsters
Temple:   chequers_temple_sunken

Skill      XL: |  1  2  3  4  5  6  7  8  9 10 |
---------------+-------------------------------+-----
Fighting       | 1 2 3 |  3.5
Armour         | 1 2 3 |  3.4
Dodging        | 3 4 5 6 |  6.0
Stealth        | 3 4 5 6 |  6.1
Spellcasting   | 4 5 6 8 9 |  9.1
Conjurations   | 5 6 7 8 |  8.4
Fire Magic     | 1 2 3 4 |  4.6
Summonings     | 1 2 3 4 |  4.5
Hexes          | 1 2 3 4 5 |  5.0
Translocations | 1 2 3 4 |  4.2
Evocations     | 1 2 3 4 |  4.1
Shields        | 1 2 |  2.6
Ice Magic      | 1 2 |  2.8
Air Magic      | 1 |  1.6

Action                   |  1- 3 |  4- 6 |  7- 9 | 10-12 || total
-------------------------+-------+-------+-------+-------++-------
Melee: Dagger            |       |     3 |    16 |       ||    19
 Cast: Magic Dart        |    42 |    48 |   151 |    26 ||   267
       Searing Ray       |     3 |     8 |    81 |    20 ||   112
       Foxfire           |       |       |     9 |     9 ||    18
       Iskenderun's Myst |       |       |     6 |    22 ||    28
       Fulminant Prism   |       |       |       |     5 ||     5
       Call Canine Famil |       |       |       |     1 ||     1
  Use: Scroll            |     4 |     2 |    10 |     2 ||    18
Armor: Robe              |     1 |     1 |    20 |     1 ||    23
Dodge: Dodged            |     4 |     7 |    54 |    15 ||    80
Block: Buckler           |       |       |    23 |     4 ||    27

Table legend: (Time is in decaauts)
 A = Elapsed time spent in this place.
 B = Non-inter-level travel time spent in this place.
 C = Inter-level travel time spent in this place.
 D = Time resting spent in this place.
 E = Time spent auto-exploring this place.
 F = Levels seen in this place.
 G = Mean time per level.
                   A        B        C        D        E       F      G
               +--------+--------+--------+--------+--------+-----+--------+
         Total |  11359 |  11146 |    213 |   2167 |   6775 |  11 | 1032.6 |
       Dungeon |  10451 |  10252 |    199 |   2034 |   6287 |   9 | 1161.2 |
        Temple |    273 |    259 |     14 |      0 |    232 |   1 |  273.0 |
       Ossuary |    634 |    634 |      0 |    133 |    256 |   1 |  634.0 |
               +--------+--------+--------+--------+--------+-----+--------+

Top non-repeatable levels by time:
     D:8: 1914 daAuts
     D:5: 1637 daAuts
     D:6: 1484 daAuts
     D:1: 1253 daAuts
     D:7: 1079 daAuts
     D:3: 919 daAuts
     D:4: 888 daAuts
     D:2: 834 daAuts
 Ossuary: 634 daAuts
     D:9: 439 daAuts
  Temple: 273 daAuts
